 Dungeon Crawl Stone Soup version 0.22.1-2-g9c5b331 (webtiles) character file.

135 dvd the Ducker (level 4, -1/44 HPs)
             Began as a Troll Warper on Nov 24, 2018.
             Slain by a worker ant (4 damage)
             ... on level 2 of the Dungeon.
             The game lasted 00:05:58 (1508 turns).

dvd the Ducker (Troll Warper)                       Turns: 1508, Time: 00:05:59

Health: -1/44      AC:  5    Str: 19    XL:     4   Next: 96%
Magic:  3/5        EV: 10    Int: 10    God:
Gold:   106        SH:  0    Dex:  9    Spells: 1/5 levels left

rFire    . . .     SeeInvis .   k - +0 hand axe
rCold    . . .     Gourm    +   (no shield)
rNeg     . . .     Faith    .   b - +0 robe
rPois    .         Spirit   .   (helmet restricted)
rElec    .         Reflect  .   (no cloak)
rCorr    .         Harm     .   (gloves unavailable)
MR       .....                  (boots unavailable)
Stlth    +.........             (no amulet)
HPRegen  0.54/turn              (no ring)
MPRegen  0.09/turn              (no ring)

@: lethally poisoned (-1 -> -5), hasted, very quick
A: large, unfitting armour, claws 3, fast metabolism 3, gourmand, regeneration
1, shaggy fur 1, tough skin 2
a: no special abilities


You were on level 2 of the Dungeon.
You were completely stuffed.

You visited 1 branch of the dungeon, and saw 3 of its levels.

You collected 106 gold pieces.

Inventory:

Hand Weapons
 a - a +0 mace
 k - a +0 hand axe (weapon)
 l - a +1 spear of piercing
Missiles
 e - 5 tomahawks of dispersal (quivered)
Armour
 b - a +0 robe (worn)
Jewellery
 q - an uncursed amulet of the acrobat {unknown}
Scrolls
 c - a scroll of remove curse {unknown}
 d - a scroll of blinking
 h - a scroll of fear {unknown}
 i - 6 scrolls of identify {unknown}
 j - a scroll of magic mapping {unknown}
 m - 2 scrolls of teleportation {unknown}
 n - a scroll of enchant armour {unknown}
 p - 2 scrolls of enchant weapon {unknown}
 s - a scroll of noise {unknown}
 t - a scroll of fog {unknown}
Potions
 g - a potion of magic {unknown}
 o - a potion of haste
Comestibles
 f - 4 rations


   Skills:
 + Level 2.3 Fighting
 + Level 1.5(2.1) Axes
 + Level 2.4(2.8) Maces & Flails
 + Level 0.9 Throwing
 + Level 2.7 Dodging
 * Level 1.4 Spellcasting
 + Level 0.1 Charms
 * Level 2.2 Translocations


You had one spell level left.
You knew the following spells:

 Your Spells              Type           Power        Failure   Level  Hunger
a - Shroud of Golubria    Chrm/Tloc      #.........   30%         2    ###....
b - Blink                 Tloc           N/A          21%         2    ###....

Your spell library contained the following spells:

 Spells                   Type           Power        Failure   Level  Hunger
 Corona                   Hex            #......      32%         1    ##.....
 Gell's Gravitas          Tloc           #.........   36%         3    ####...
 Lesser Beckoning         Tloc           #.........   36%         3    ####...
 Teleport Other           Tloc           #.......     36%         3    ####...
 Ensorcelled Hibernation  Hex/Ice        #.....       45%         2    ###....
 Confuse                  Hex            #.......     69%         3    ####...
 Dazzling Spray           Conj/Hex       #.....       69%         3    ####...
 Tukima's Dance           Hex            #.......     69%         3    ####...
 Passage of Golubria      Tloc           N/A          78%         4    #####..


Dungeon Overview and Level Annotations

Branches:
Dungeon (3/15)

Altars:


Innate Abilities, Weirdness & Mutations

You are too large for most types of armour.
You have claws for hands.
Your metabolism is lightning-fast.
You like to eat raw meat.
Your natural rate of healing is unusually fast.
You are covered in fur. (AC +1)
You have very tough skin. (AC +2)


Message History

The worker ant barely misses you.
The quokka bites you but does no damage.
You hit the worker ant.
The worker ant is heavily wounded.
You hit the quokka.
You feel sick. The worker ant bites you.
The quokka bites you but does no damage.
The worker ant bites you.
* * * LOW HITPOINT WARNING * * *
You hit the worker ant.
The worker ant is almost dead.
You closely miss the quokka.
You feel sick. The quokka bites you.
* * * LOW HITPOINT WARNING * * *
The worker ant bites you.
* * * LOW HITPOINT WARNING * * *
The quokka bites you.
* * * LOW HITPOINT WARNING * * *
It was a potion of haste.
You feel yourself speed up.
* * * LOW HITPOINT WARNING * * *
You feel sick. The worker ant bites you.
You die...

######## #......############
#......##..........
#......##..........
#......##.......... ♣♣#
#r@a...##.......... ♣♣.♣
#......#........... P..♣
##.........P#...###.
...♣##########..#.##PP♣P.##...##.
..P♣........##.P....P♣♣♣PP..#.##.
P.♣♣........##...♣P..P♣P....#.#..
♣.♣............♣.♣P..P..P#......#
#.........)....P♣♣♣............##
##.............♣♣P..##...#.##..##


You could see a worker ant and a quokka.

Vanquished Creatures
  Natasha (D:1)
  A worker ant (D:2)
  Robin (D:2)
  3 dart slugs
  A ball python (D:2)
  6 bats
  6 giant cockroaches
  18 goblins
  8 hobgoblins
  2 quokkas
  8 frilled lizards
  6 kobolds
  4 rats (D:2)
  A plant (D:2)
66 creatures vanquished.

Vanquished Creatures (others)
  A plant (D:2)
1 creature vanquished.

Grand Total: 67 creatures vanquished

Notes
Turn   | Place    | Note
-------+----------+-------------------------------------------
     0 | D:1      | dvd the Troll Warper began the quest for the Orb.
     0 | D:1      | Reached XP level 1. HP: 19/19 MP: 1/1
   150 | D:1      | Reached XP level 2. HP: 28/28 MP: 2/2
   444 | D:1      | Learned a level 2 spell: Shroud of Golubria
   554 | D:1      | Reached XP level 3. HP: 35/35 MP: 3/3
   602 | D:2      | Noticed Natasha
   625 | D:1      | Killed Natasha
   735 | D:2      | Reached skill level 1 in Axes
   735 | D:2      | Reached XP level 4. HP: 22/42 MP: 1/5
   866 | D:2      | Learned a level 2 spell: Blink
   897 | D:2      | Noticed Robin
   934 | D:2      | Killed Robin
  1508 | D:2      | Slain by a worker ant

Skill      XL: |  1  2  3 |
---------------+----------+-----
Dodging        | 2 |  2.7
Fighting       | 2 |  2.3
Maces & Flails | 2 |  2.4
Axes           | 1 |  1.5
Throwing       | |  0.9
Spellcasting   | |  1.4
Charms         | |  0.1
Translocations | |  2.2

Action                   |  1- 3 |  4- 6 || total
-------------------------+-------+-------++-------
Melee: Mace              |    34 |     2 ||    36
       Hand axe          |    91 |   146 ||   237
 Cast: Shroud of Golubri |     5 |     6 ||    11
  Use: Potion            |       |     1 ||     1
  Eat: Chunk             |    12 |    10 ||    22
Armor: Robe              |    65 |    70 ||   135
Dodge: Dodged            |    94 |    93 ||   187
